 Dungeon Crawl Stone Soup version 0.29.1-2-gbd0b4ee654 (webtiles) character file.

Game seed: 1699277106020446796

554887 GeoRichter the Conqueror (level 25, -7/231 HPs)
             Began as a Minotaur Berserker on Nov 11, 2022.
             Was the Champion of Trog.
             Killed from afar by an orb of fire (36 damage)
             ... with a fireball
             ... on level 5 of the Realm of Zot.
             The game lasted 02:06:51 (58628 turns).

GeoRichter the Conqueror (Minotaur Berserker)      Turns: 58628, Time: 02:06:51

Health: -7/231     AC: 41    Str: 30    XL:     25   Next: 16%
Magic:  5/28       EV: 19    Int:  8    God:    Trog [******]
Gold:   4778       SH: 16    Dex: 21    Spells: 24/24 levels left

rFire   + . .      SeeInvis +   b - +8 mithril axe "Arga" {speed, Will+}
rCold   + + .      Faith    .   J - +0 kite shield {reflect}
rNeg    + . .      Spirit   .   W - +9 gold dragon scales
rPois   +          Reflect  +   y - +2 hat of Perpetual Drought {Contam rPois rCorr Dex+7}
rElec   +          Harm     .   d - +2 cloak
rCorr   +          Rampage  .   g - +1 pair of gloves {hurl}
Will    +++++                   x - +2 pair of boots {Stlth+}
Stlth   ..........              a - amulet of Wuotz {Acrobat Regen+}
HPRegen 2.28/turn               k - ring "Hyaf" {Drain rPois MP+9 Int+4 SInv}
MPRegen 0.21/turn               X - ring of Internal Strife {rElec rC+ rN+ rCorr}

@: about to teleport, strong-willed, regenerating, hasted (expiring), studying 2
skills, unable to read, very quick
A: horns 2, retaliatory headbutt, hooves 1, iridescent scales 1, deformed body,
frail 1, low MP 1, strong-willed 1, passive freeze, no potion heal 1, subdued
magic 1, inability to read after injury 1
}: 3/15 runes: serpentine, barnacled, silver
a: Renounce Religion, Berserk, Trog's Hand, Brothers in Arms


You were on level 5 of the Realm of Zot.
You worshipped Trog.
Trog was exalted by your worship.
You visited 9 branches of the dungeon, and saw 47 of its levels.
You also visited: Trove, Bailey and Ice Cave.

You collected 8474 gold pieces.
You spent 3696 gold pieces at shops.

Inventory:

Hand Weapons
 b - the +8 mithril axe "Arga" (weapon) {speed, Will+}
   (You acquired it on level 1 of the Vaults)

   Attacks with this weapon are significantly faster.
   Will:      It increases your willpower.
 i - the +14 obsidian axe {vorpal, Mesm Drain Fly SInv}
   (Trog gifted it to you on level 5 of the Vaults)

   It inflicts extra damage upon your enemies.
   It occasionally summons demons to assist the wielder when it strikes in
   combat.
   Its wielder is mesmerised by any visible foes.
   It cannot be unequipped while any foes are visible.
   SInv:      It lets you see invisible.
   Fly:       It grants you flight.
   Drain:     It drains your maximum health when unequipped.
 B - a +4 antimagic broad axe
   (Trog gifted it to you on level 3 of the Elven Halls)
 T - a +2 executioner's axe of freezing
   (Trog gifted it to you on level 14 of the Dungeon)
Missiles
 H - a throwing net {!f}
 I - 4 silver javelins
 K - 13 javelins (quivered)
Armour
 d - a +2 cloak (worn)
   (You found it on level 1 of the Dungeon)
 g - a +1 pair of gloves of hurling (worn)
   (You bought it in a shop on level 4 of the Vaults)
 x - a +2 pair of boots of stealth (worn)
   (You found it in a bailey)
 y - the +2 hat of Perpetual Drought (worn) {Contam rPois rCorr Dex+7}
   (You acquired it on level 1 of the Vaults)

   Dex:       It affects your dexterity (+7).
   rPois:     It protects you from poison.
   Contam:    It causes magical contamination when unequipped.
   rCorr:     It protects you from acid and corrosion.
 J - a +0 kite shield of reflection (worn)
   (You took it off a naga warrior on level 3 of the Snake Pit)
 R - the +8 orange crystal plate armour {Archmagi, Int+3 Clar}
   (You acquired it on level 14 of the Dungeon)

   Int:       It affects your intelligence (+3).
   Clar:      It protects you against confusion.
 W - +9 gold dragon scales (worn)
   (You found it on level 5 of the Vaults)
Jewellery
 a - the amulet of Wuotz (around neck) {Acrobat Regen+}
   (You found it in a treasure trove)

   [amulet of the acrobat]

   It increases your evasion while moving and waiting.
   Regen:     It increases your rate of health regeneration.
 k - the ring "Hyaf" (left hand) {Drain rPois MP+9 Int+4 SInv}
   (You acquired it on level 3 of the Snake Pit)

   [ring of magical power]

   Int:       It affects your intelligence (+4).
   rPois:     It protects you from poison.
   MP:        It affects your magic capacity (+9).
   SInv:      It lets you see invisible.
   Drain:     It drains your maximum health when unequipped.
 C - the ring of Waoph {rPois Str+4 Int-4 Dex+4 SInv}
   (You took it off a deep elf pyromancer on level 3 of the Elven Halls)

   [ring of see invisible]

   Str:       It affects your strength (+4).
   Int:       It affects your intelligence (-4).
   Dex:       It affects your dexterity (+4).
   rPois:     It protects you from poison.
   SInv:      It lets you see invisible.
 D - a ring of protection from fire
   (You found it on level 5 of the Dungeon)
 X - the ring of Internal Strife (right hand) {rElec rC+ rN+ rCorr}
   (You found it on level 4 of the Shoals)

   [ring of resist corrosion]

   rC:        It protects you from cold.
   rElec:     It insulates you from electricity.
   rN:        It protects you from negative energy.
   rCorr:     It protects you from acid and corrosion.
Wands
 c - a wand of charming (21)
   (You took it off a gnoll on level 6 of the Dungeon)
 O - a wand of digging (7)
   (You found it on level 12 of the Dungeon)
 S - a wand of light (20)
   (You found it on level 14 of the Dungeon)
Scrolls
 e - 5 scrolls of vulnerability {!r}
 f - a scroll of brand weapon
 j - 17 scrolls of teleportation {@r4}
 r - a scroll of silence
 v - 4 scrolls of blinking
 L - 4 scrolls of magic mapping
 M - 5 scrolls of enchant weapon
 U - 13 scrolls of butterflies
 Y - 5 scrolls of fear
Potions
 h - 13 potions of attraction {!q}
 l - 5 potions of heal wounds {@q2}
 m - 9 potions of mutation {!q}
 n - 28 potions of curing {@q1}
 o - 4 potions of haste {@q3}
 p - 3 potions of berserk rage
 w - 7 potions of ambrosia
 A - 8 potions of flight
 E - a potion of magic
 F - 3 potions of resistance
 N - a potion of invisibility
 Q - 7 potions of cancellation
 V - 3 potions of lignification {!q}
Miscellaneous
 q - a tin of tremorstones (2/2)
   (You found it on level 1 of the Shoals)
 t - a phantom mirror
   (You found it in a bailey)
 u - a condenser vane
   (You bought it in a shop on level 3 of the Depths)
 Z - a box of beasts (inert)
   (You found it on level 13 of the Dungeon)


   Skills:
 O Level 27 Fighting
 - Level 24.0 Axes
 + Level 16.0 Throwing
 * Level 21.6 Armour
 * Level 21.6 Dodging
 + Level 19.3 Shields
 + Level 11.6 Evocations


You had 24 spell levels left.
You didn't know any spells.
Your spell library was empty.

Dungeon Overview and Level Annotations

Branches:
Dungeon (15/15) Zot: 23963  Temple (0/1) D:6            Lair (5/5) D:11 Zot: 21906
 Shoals (4/4) Lair:3 Zot: 20161   Snake (4/4) Lair:3 Zot: 17765   Slime (0/5) Lair:5
    Orc (2/2) D:9 Zot: 10037     Elf (3/3) Orc:2 Zot: 15284  Vaults (5/5) D:13 Zot: 23588
  Crypt (0/3) Vaults:2     Depths (4/4) D:15 Zot: 18746     Zot (5/5) Depths:4 Zot: 25431
 Bailey (visited)           IceCv (visited)

Altars:
Ashenzari
Dithmenos
Fedhas
Kikubaaqudgha
Makhleb
Nemelex Xobeh
Qazlal
Ru
Sif Muna
Uskayaw
Wu Jian
Xom
Yredelemnul
Zin

Shops:
D:7 [   Orc:2 ?[(!   Elf:3 (   Snake:1 :=:   Vaults:1 (   Vaults:3 =
Vaults:4 **(=   Depths:3 **

Portals:
Hell: Depths:1 Depths:2 Depths:3 Depths:4
Abyss: Depths:2 Depths:3
Pandemonium: Depths:2 Depths:4
Ziggurat: Depths:4

Annotations:
D:10 exclusion: 2 oklob saplings
D:11 2 transporters, bogdani's ghost, journeyman HOBe
Shoals:3 Roxanne
Snake:1 exclusion: shock serpent
Depths:1 exclusion: downstairs
Depths:2 2 runed translucent doors


Innate Abilities, Weirdness & Mutations

You have a pair of horns on your head.
You reflexively headbutt those who attack you in melee.
You have large cloven feet.
You are partially covered in iridescent scales. (AC +2)
Armour fits poorly on your strangely shaped body.
You are frail. (-10% HP)
Your magical capacity is low. (-10% MP)
You are strong-willed. (Will+)
A frigid envelope surrounds you and freezes all who hurt you.
Potions are less effective at restoring your health.
Your spells are a little easier to cast, but a little less powerful.
You occasionally lose the ability to read scrolls when taking damage.


Message History

Trog accepts your kill.
Your resistance to elements expires.
The orb of fire glows red.
The fireball explodes!
The fireball engulfs the orb of fire.
The orb of fire completely resists.
The fireball engulfs you!! You resist.
* * * LOW HITPOINT WARNING * * *
The fireball engulfs the orb of fire.
The orb of fire completely resists.
You hear a roar!
Your system partially rejects the healing.
You feel much better.
The red draconian scorcher breathes fire at you.
The searing blast hits the orb of fire.
The orb of fire completely resists.
The searing blast hits the orb of fire.
The orb of fire completely resists.
The searing blast hits you but does no damage.
You resist.
The orb of fire glows deep purple.
The fireball explodes!
The fireball engulfs the orb of fire.
The orb of fire completely resists.
The fireball engulfs you!! You resist.
* * * LOW HITPOINT WARNING * * *
The fireball engulfs the orb of fire.
The orb of fire completely resists.
The fireball engulfs the orb of fire.
The orb of fire completely resists.
You hear a roar!
Okay, then.
As you read the scroll of teleportation {@r4}, it crumbles to dust.
You feel strangely unstable.
You feel the Orb delaying your translocation!
You are engulfed in blazing flames.
You resist.
You feel a little less mighty now.
The orb of fire emits a lurid red light.
The bolt of fire hits you!! You resist.
* * * LOW HITPOINT WARNING * * *
The orb of fire glows yellow.
The bolt of fire hits the orb of fire.
The orb of fire completely resists.
The bolt of fire hits you!! You resist.
* * * LOW HITPOINT WARNING * * *
Your system partially rejects the healing.
You feel much better.
You are engulfed in blazing flames.
You resist.
* * * LOW HITPOINT WARNING * * *
The orb of fire glows yellow.
The bolt of fire hits the orb of fire.
The orb of fire completely resists.
The bolt of fire misses you.
The red draconian scorcher casts a spell at you.
The bolt of fire hits the orb of fire.
The orb of fire completely resists.
The bolt of fire hits the orb of fire but does no damage.
The bolt of fire misses you.
The orb of fire glows red.
The fireball explodes!
The fireball engulfs the orb of fire.
The orb of fire completely resists.
The fireball engulfs you!!! You resist.
You feel threatened and lose the ability to read scrolls!
You die...

,,,,,,^,,* #.y...........#
*,,, ,,,,,,,,,*
##...........#* *,,,
,,^,,,,,,* #...........#
*,,, ,^,,,,,,,*
##........^..## *,,,
,,,,,,,,** #.............#
**,, ,,,,,,,**
*#......X.*.X..#* **,
,,,,,,** #........Xd.....*
**
#######▓▓▓▓########q#######*
* #.........#....)@**(#
#.##.##.#.########*######
#.##.#..#.# #........#
#.##.##.#.# #........#
#.##.##.#.# #..⌠.....#
~.~#....#.# #.^......#
~.~~#####.# #...#########
..~≈≈#* #.# ##'###.......#
~~≈≈≈≈# #.# #............#


You could see 3 orbs of fire and a red draconian scorcher.

Vanquished Creatures
  4 dread liches
  3 orbs of fire (Zot:5)
  4 ancient liches
  A juggernaut (Depths:4)
  Sojobo (Vaults:5)
  A Killer Klown (Zot:3)
  Frederick (Vaults:5)
  Vv (Depths:2)
  A curse toe (Zot:3)
  Bai Suzhen (Vaults:5)
  13 golden dragons
  2 bone dragons (Depths:4)
  Zenata (Elf:3)
  7 Orb Guardians (Zot:5)
  Rupert (D:13)
  2 deep elf blademasters (Elf:3)
  9 tentacled monstrosities
  A walking earthen tome (Depths:4)
  4 titans
  Asterion (Snake:4)
  3 liches
  5 quicksilver dragons
  3 deep elf master archers (Elf:3)
  A death cob (Zot:2)
  9 sphinxes
  6 draconian monks
  5 shadow dragons
  Kirke (D:15)
  4 draconian knights
  5 nagarajas (Snake:4)
  14 storm dragons
  7 tengu reavers
  Louise (Depths:2)
  7 fire giants
  2 iron dragons (Vaults:5)
  An orc warlord (Vaults:2)
  16 vault wardens
  6 draconian scorchers
  6 frost giants
  A curse skull (Vaults:1)
  Aizul (Vaults:2)
  A balrug (Depths:1)
  3 deep elf sorcerers (Elf:3)
  3 ghost moths
  9 draconian shifters
  A deep elf elementalist (Elf:3)
  5 draconian annihilators
  6 draconian stormcallers
  24 ironbound preservers
  19 very ugly things
  3 war gargoyles
  6 ironbound thunderhulks
  4 vampire knights (Zot:3)
  3 deep elf demonologists
  9 green draconians
  22 stone giants
  15 spark wasps
  9 black draconians
  13 white draconians
  4 deep elf annihilators (Elf:3)
  13 yellow draconians
  17 red draconians
  7 purple draconians
  3 entropy weavers
  8 dire elephants
  4 merfolk javelineers
  11 ettins
  A blizzard demon (Depths:4)
  A crystal guardian (Vaults:4)
  3 deep elf death magi (Elf:3)
  7 fire dragons
  2 deep elf high priests
  Josephine (D:15)
  14 yaktaur captains
  6 great orbs of eyes
  10 merfolk impalers
  Snorg (D:11)
  4 rakshasas
  7 ice dragons
  6 boulder beetles
  4 hydras
  2 spriggan zombies (Depths:1)
  8 ironbound frosthearts
  Erica (D:8)
  31 vault guards
  2 merfolk aquamancers (Shoals:4)
  9 centaur warriors
  A catoblepas (Lair:2)
  2 peacekeepers
  4 merfolk avatars
  4 spriggan air magi
  3 salamander tyrants (Snake:4)
  28 dancing weapons
  13 anacondas
  7 deep troll earth magi
  7 death yaks
  19 naga warriors
  A two-headed ogre (shapeshifter) (Vaults:5)
  6 two-headed ogres
  A satyr (Shoals:3)
  An alligator (Shoals:3)
  5 deep troll shamans
  A hell hog (Depths:3)
  8 tengu warriors
  4 orc high priests (Orc:2)
  6 shock serpents
  2 spriggan berserkers
  4 naga sharpshooters (Snake:4)
  8 hell knights
  11 deep elf knights
  Sonja (D:13)
  A soul eater (Depths:1)
  4 sun demons
  2 shadow wraiths (Vaults:5)
  2 storm dragon zombies (Depths:1)
  A golden dragon zombie (Depths:1)
  3 salamander mystics
  5 iron trolls
  20 sea snakes
  70 deep trolls
  A storm dragon skeleton (Depths:1)
  8 naga ritualists
  3 spark wasp zombies (Depths:1)
  17 ironbound convokers
  4 glowing orange brains
  A flayed ghost (Depths:3)
  7 wizards
  4 tengu zombies
  2 lindwurms
  A lindwurm (shapeshifter) (D:14)
  5 deep elf archers
  18 harpies
  3 phantasmal warriors
  2 sphinx zombies (Depths:1)
  14 deep elf zephyrmancers
  A wolf spider zombie (D:15)
  23 deep elf pyromancers
  A shadow dragon zombie (Depths:1)
  8 mana vipers
  10 fauns
  5 necromancers
  4 orc sorcerers
  An orc knight (Vaults:5)
  2 frost giant zombies (Depths:1)
  4 fire giant zombies
  10 salamanders
  6 cyclopes
  4 stone giant zombies (Depths:1)
  21 moths of wrath
  7 elephants (Lair:5)
  32 ugly things
  14 manticores
  32 black mambas
  8 guardian serpents
  2 ice statues (IceCv)
  A centaur zombie (D:15)
  4 molten gargoyles
  11 vault sentinels
  2 gargoyles (D:13)
  6 merfolk sirens
  8 water nymphs
  14 naga magi
  2 centaur skeletons (D:15)
  A torpor snail (Lair:2)
  7 cane toads
  2 smoke demons (Depths:1)
  An orange demon (Depths:2)
  A demonic crawler (Lair:3)
  11 rime drakes
  3 freezing wraiths
  An efreet (D:15)
  9 komodo dragons
  4 ice devils (IceCv)
  35 yaktaurs
  3 tengu conjurers
  An anaconda simulacrum (IceCv)
  A yaktaur skeleton (Vaults:2)
  4 trolls
  2 hornets
  3 polar bears
  31 merfolk
  11 wind drakes
  8 blink frogs
  A sphinx simulacrum (Vaults:2)
  13 dream sheep
  Prince Ribbit (D:5)
  2 ettin zombies (Depths:1)
  A harpy skeleton (D:15)
  Grinder (D:3)
  19 snapping turtles
  24 slime creatures
  A jumping spider (Vaults:1)
  Sigmund (D:3)
  2 air elementals
  An elf skeleton (Vaults:2)
  2 vampires
  3 shadows
  18 water elementals
  9 wraiths
  A dire elephant simulacrum (IceCv)
  42 yaks
  2 fire elementals (Elf:3)
  A hog (D:14)
  21 humans (D:13)
  A human (shapeshifter) (Vaults:5)
  10 wyverns
  6 basilisks
  2 redbacks (Vaults:4)
  A golden eye (shapeshifter) (Elf:1)
  A redback (shapeshifter) (Vaults:5)
  3 steam dragons
  8 vampire mosquitoes
  Menkaure (D:6)
  27 nagas
  2 wargs (Orc:1)
  An acid dragon (D:11)
  5 water moccasins
  A swamp worm (Lair:3)
  6 hell hounds
  A floating eye (Zot:3)
  28 orc warriors
  2 sky beasts (D:7)
  A floating eye zombie (Depths:1)
  4 black bears
  2 ice beasts
  2 ogres (Orc:2)
  11 wolves
  12 boggarts
  11 centaurs
  A phantom (D:7)
  10 bullfrogs
  4 earth elementals
  2 cane toad simulacra (IceCv)
  2 scorpions
  A human simulacrum (Depths:1)
  3 two-headed ogre simulacra (IceCv)
  3 necrophages
  4 wights (D:9)
  6 killer bees (D:7)
  An electric eel (Lair:3)
  3 vampire bats (D:3)
  4 howler monkeys
  5 lava snakes (Lair:5)
  29 orc priests
  2 hounds (D:4)
  A jelly (D:4)
  Terence (D:3)
  4 iguanas
  23 orc wizards
  3 troll simulacra (IceCv)
  17 hell rats
  2 spriggan simulacra (IceCv)
  2 wolf simulacra (IceCv)
  10 gnolls
  11 adders
  4 naga simulacra (IceCv)
  13 white imps
  4 ufetubi
  A worm (D:2)
  3 dart slugs
  78 orcs
  14 ball pythons
  6 bats
  4 bat skeletons
  A bat zombie (D:3)
  7 endoplasms
  4 giant cockroaches
  8 goblins
  5 hobgoblins
  5 jackals
  7 quokkas
  12 frilled lizards
  10 kobolds
  7 rats
  A plant (Shoals:3)
1895 creatures vanquished.

Vanquished Creatures (collateral kills)
  An orb of fire (Zot:4)
  Vashnia (Snake:4)
  A golden dragon (Zot:4)
  A tentacled monstrosity (Zot:4)
  Mlioglotl (Shoals:3)
  A quicksilver dragon (Snake:4)
  2 deep elf master archers (Elf:3)
  A deep elf blademaster (Elf:3)
  A death cob (Zot:4)
  Agnes (Snake:4)
  A revenant (Vaults:2)
  4 deep elf sorcerers (Elf:3)
  A vault warden (Vaults:4)
  A draconian stormcaller (Zot:4)
  A deep elf demonologist (Elf:3)
  A green draconian (Zot:3)
  A black draconian (Zot:3)
  A deep elf annihilator (Elf:3)
  A deep elf death mage (Elf:3)
  A fire dragon (Lair:5)
  A merfolk impaler (Shoals:4)
  A deep elf high priest (Elf:3)
  A hydra (D:11)
  A salamander tyrant (Snake:4)
  A merfolk avatar (Shoals:3)
  An anaconda (Snake:4)
  A naga warrior (Snake:4)
  A vampire mage (Vaults:2)
  4 naga sharpshooters (Snake:4)
  A deep elf knight (Elf:3)
  A hell knight (Depths:1)
  A sea snake (Snake:4)
  An ironbound convoker (Vaults:4)
  A wizard (Vaults:4)
  A deep elf pyromancer (Elf:3)
  2 ugly things (Vaults:4)
  A deep elf zephyrmancer (Elf:3)
  A mana viper (Snake:4)
  A black mamba (Snake:4)
  Maggie (D:10)
  2 slime creatures (Vaults:4)
  A naga (Snake:4)
51 creatures vanquished.

Vanquished Creatures (others)
  A wizard (D:13)
  A deep elf pyromancer (Elf:1)
  3 humans (D:15)
  A naga (Snake:4)
  An orc (Vaults:5)
  10 fungi
  139 plants
  2 starspawn tentacles (Shoals:3)
  4 tentacles (Shoals:3)
162 creatures vanquished.

Grand Total: 2108 creatures vanquished

Notes
Turn   | Place    | Note
-------+----------+-------------------------------------------
     0 | D:1      | GeoRichter the Minotaur Berserker began the quest for the
                  | Orb.
     0 | D:1      | Reached XP level 1. HP: 19/19 MP: 0/0
   186 | D:1      | Reached XP level 2. HP: 21/27 MP: 1/1
   245 | D:1      | Found a faded altar of an unknown god.
   374 | D:1      | Reached skill level 4 in Fighting
   481 | D:1      | Reached ** piety under Trog
   599 | D:1      | Reached XP level 3. HP: 33/33 MP: 2/2
  1250 | D:2      | Reached skill level 5 in Axes
  1288 | D:2      | Found a sparkling altar of Nemelex Xobeh.
  1581 | D:2      | Found the +7 Throatcutter {drain, coup de grace}
  1667 | D:2      | Reached XP level 4. HP: 41/41 MP: 3/3
  2198 | D:3      | Noticed Sigmund
  2209 | D:3      | Killed Sigmund
  2210 | D:3      | Reached skill level 5 in Fighting
  2210 | D:3      | Reached XP level 5. HP: 48/48 MP: 4/4
  2210 | D:3      | Reached XP level 6. HP: 56/56 MP: 5/5
  2260 | D:3      | Found an ancient bone altar of Kikubaaqudgha.
  2261 | D:3      | Reached *** piety under Trog
  2375 | D:3      | Noticed Terence
  2380 | D:3      | Killed Terence
  2447 | D:3      | Reached skill level 6 in Fighting
  2553 | D:3      | Noticed Grinder
  2560 | D:3      | Killed Grinder
  2561 | D:3      | Reached XP level 7. HP: 63/64 MP: 6/6
  2908 | D:4      | Found a glowing silver altar of Zin.
  3091 | D:4      | Found a burning altar of Makhleb.
  3573 | D:5      | Entered Level 5 of the Dungeon
  3626 | D:5      | Reached skill level 1 in Evocations
  3630 | D:5      | Noticed Prince Ribbit
  3642 | D:5      | Killed Prince Ribbit
  3643 | D:5      | Reached skill level 7 in Fighting
  3643 | D:5      | Reached XP level 8. HP: 40/73 MP: 7/7
  4002 | D:5      | Reached skill level 10 in Axes
  4007 | D:5      | Found a shadowy altar of Dithmenos.
  4639 | D:6      | Noticed Menkaure
  4649 | D:6      | Killed Menkaure
  4649 | D:6      | Reached **** piety under Trog
  4713 | D:6      | Found a staircase to the Ecumenical Temple.
  5358 | D:6      | Reached skill level 8 in Fighting
  5589 | D:6      | Found a sparkling altar of Nemelex Xobeh.
  5599 | D:6      | Reached XP level 9. HP: 75/81 MP: 8/8
  5681 | D:6      | Found a basalt altar of Yredelemnul.
  5877 | D:7      | Found a sacrificial altar of Ru.
  6099 | D:7      | Found a stormy altar of Qazlal.
  6172 | D:7      | Found Kixan's Antique Armour Shop.
  6396 | D:7      | Bought a pair of glowing boots for 202 gold pieces
  6964 | D:8      | Found a blossoming altar of Fedhas.
  6984 | D:8      | Reached skill level 1 in Shields
  6987 | D:8      | Noticed Erica
  7009 | D:8      | Killed Erica
  7010 | D:8      | Reached skill level 5 in Armour
  7032 | D:8      | Reached skill level 9 in Fighting
  7255 | D:8      | Found a flagged portal.
  7275 | Bailey   | Entered a bailey
  7383 | Bailey   | Reached XP level 10. HP: 91/91 MP: 9/9
  7493 | Bailey   | Identified the +5 crystal plate armour of Itad {rF+ rC-
                  | Will++ Int+2}
  7511 | Bailey   | Reached skill level 5 in Dodging
  8350 | D:9      | Found a shimmering blue altar of Sif Muna.
  8420 | D:9      | Found a staircase to the Orcish Mines.
  8566 | D:9      | Reached ***** piety under Trog
  8868 | D:9      | Found a broken altar of Ashenzari.
  8904 | D:9      | Paralysed by a hornet for 3 turns
  9296 | D:9      | Noticed a +0 short sword
  9297 | D:9      | Noticed a +0 short sword
  9297 | D:9      | Noticed a +0 spear
  9297 | D:9      | Noticed a +0 falchion
  9298 | D:9      | Noticed a +0 dagger
  9298 | D:9      | Noticed a +0 falchion
  9299 | D:9      | Noticed a +0 dagger
  9300 | D:9      | Noticed a +0 spear
  9302 | D:9      | Found a hide-covered altar of Uskayaw.
  9513 | D:10     | Entered Level 10 of the Dungeon
  9539 | D:10     | Reached skill level 5 in Evocations
  9732 | D:10     | Noticed a two-headed ogre
  9734 | D:10     | Killed a two-headed ogre
  9735 | D:10     | Reached skill level 1 in Throwing
  9990 | D:10     | Noticed Maggie
  9998 | D:10     | Killed Maggie
 10066 | D:10     | Reached skill level 10 in Fighting
 10119 | D:10     | Noticed a two-headed ogre
 10124 | D:10     | Killed a two-headed ogre
 10125 | D:10     | Reached XP level 11. HP: 100/100 MP: 10/10
 10215 | D:10     | Found a shimmering altar of Xom.
 10470 | D:11     | Found a staircase to the Lair.
 10661 | D:11     | Reached skill level 5 in Shields
 10706 | D:11     | Found a transporter.
 10713 | D:11     | Noticed a two-headed ogre
 10720 | D:11     | Noticed a two-headed ogre
 10724 | D:11     | Killed a two-headed ogre
 10727 | D:11     | Killed a two-headed ogre
 10773 | D:11     | Noticed an eight-headed hydra
 10783 | D:11     | Killed an eight-headed hydra
 10996 | D:11     | Reached skill level 11 in Fighting
 11119 | D:11     | Noticed Snorg
 11128 | D:11     | Killed Snorg
 11201 | D:11     | Found a transporter.
 11201 | D:11     | Noticed a two-headed ogre
 11201 | D:11     | Noticed a two-headed ogre
 11202 | D:11     | Noticed bogdani's ghost (journeyman HOBe)
 11203 | D:11     | Noticed a two-headed ogre
 11204 | D:11     | Noticed a two-headed ogre
 11352 | Lair:1   | Entered Level 1 of the Lair of Beasts
 11393 | Lair:1   | Found a frozen archway.
 11423 | IceCv    | Entered an ice cave
 12378 | IceCv    | Noticed a reaper
 12592 | Lair:1   | Reached XP level 12. HP: 93/111 MP: 11/11
 13119 | Lair:1   | Received a gift from Trog
 13594 | Lair:2   | Reached skill level 12 in Fighting
 14068 | Lair:2   | Noticed a death yak
 14082 | Lair:2   | Killed a death yak
 14366 | Lair:2   | Noticed a catoblepas
 14373 | Lair:2   | Killed a catoblepas
 14506 | Lair:2   | Reached skill level 15 in Axes
 14764 | Lair:2   | Noticed a four-headed hydra
 14764 | Lair:2   | Noticed an eight-headed hydra
 14769 | Lair:2   | Killed a two-headed hydra
 14773 | Lair:2   | Killed a five-headed hydra
 15219 | Lair:3   | Found a staircase to the Snake Pit.
 15346 | Lair:3   | Reached skill level 5 in Throwing
 15478 | Lair:3   | Found a staircase to the Shoals.
 16214 | Lair:4   | Reached skill level 13 in Fighting
 16336 | Lair:4   | Reached XP level 13. HP: 118/122 MP: 12/12
 16902 | Lair:5   | Entered Level 5 of the Lair of Beasts
 17536 | Lair:5   | Found a large runed translucent door.
 17536 | Lair:5   | Found a large runed translucent door.
 17536 | Lair:5   | Noticed a fire dragon
 18190 | Lair:5   | Received a gift from Trog
 18364 | Lair:5   | Reached skill level 14 in Fighting
 18469 | Lair:5   | Found a staircase to the Slime Pits.
 18864 | Lair:5   | Reached skill level 10 in Armour
 18873 | Lair:5   | Reached XP level 14. HP: 116/133 MP: 13/13
 19280 | Lair:5   | Identified the +10 scimitar of the Heavens {venom, Str+2
                  | Stlth+}
 19527 | Orc:1    | Entered Level 1 of the Orcish Mines
 20124 | Orc:2    | Entered Level 2 of the Orcish Mines
 20204 | Orc:2    | Received a gift from Trog
 20816 | Orc:2    | Found a staircase to the Elven Halls.
 20957 | Orc:2    | Found Xaxkaz's Antique Armour Shoppe.
 20957 | Orc:2    | Found Ogaofuu's Magic Scroll Shoppe.
 20966 | Orc:2    | Found Ruphecs's Antique Weapon Emporium.
 20972 | Orc:2    | Found Xoatigifu's Distillery.
 20983 | Orc:2    | Bought a potion of mutation for 112 gold pieces
 20983 | Orc:2    | Bought a potion of heal wounds for 70 gold pieces
 20983 | Orc:2    | Bought a potion of heal wounds for 70 gold pieces
 20983 | Orc:2    | Bought a potion of mutation for 112 gold pieces
 20985 | Orc:2    | Bought a scroll of silence for 171 gold pieces
 20985 | Orc:2    | Bought a scroll of enchant armour for 135 gold pieces
 21606 | D:12     | Reached skill level 15 in Fighting
 22015 | D:12     | You are sucked into a shaft and drop 3 floors!
 22015 | D:15     | Entered Level 15 of the Dungeon
 22443 | D:14     | Reached ****** piety under Trog
 22465 | D:14     | Reached skill level 10 in Dodging
 22476 | D:14     | Received a gift from Trog
 22694 | D:14     | Identified a scroll of acquirement
 22740 | D:14     | Reached skill level 10 in Shields
 22869 | D:14     | Acquired the +8 orange crystal plate armour {Archmagi,
                  | Int+3 Clar}
 22869 | D:14     | Found the +8 orange crystal plate armour {Archmagi, Int+3
                  | Clar}
 23929 | D:13     | Reached XP level 15. HP: 122/143 MP: 14/14
 24168 | D:13     | Noticed Rupert
 24181 | D:13     | Killed Rupert
 24464 | D:13     | Found a gate to the Vaults.
 24483 | D:13     | Reached skill level 16 in Fighting
 24872 | D:13     | Noticed Sonja
 24880 | D:13     | Killed Sonja
 24913 | D:13     | Found a portal to a secret trove of treasure.
 25243 | D:15     | Noticed Josephine
 25243 | D:15     | Noticed Kirke
 25331 | D:15     | Found a shadowy altar of Dithmenos.
 25498 | D:15     | Killed Josephine
 25512 | D:15     | Killed Kirke
 25917 | D:15     | Found a staircase to the Depths.
 26216 | Shoals:1 | Entered Level 1 of the Shoals
 26692 | Shoals:1 | Received a gift from Trog
 27214 | Snake:1  | Entered Level 1 of the Snake Pit
 28553 | Snake:1  | Reached skill level 17 in Fighting
 28751 | Snake:1  | Found Tang's Jewellery Shoppe.
 28752 | Snake:1  | Found Goelef's Book Shop.
 28752 | Snake:1  | Found Detsell's Book Shop.
 28760 | Snake:1  | Bought an amulet of regeneration for 480 gold pieces
 29842 | Snake:2  | Reached XP level 16. HP: 143/155 MP: 15/15
 30206 | Snake:2  | You fall into a shaft and drop 1 floor!
 30382 | Snake:3  | Received a gift from Trog
 30406 | Snake:2  | Identified the +2 chain mail of Cottew {Fly rF- Stlth+}
 30811 | Snake:3  | Acquired the ring "Hyaf" {Drain rPois MP+9 Int+4 SInv}
 31378 | Snake:4  | Entered Level 4 of the Snake Pit
 31455 | Snake:4  | Identified the +3 ring mail of Huoneg {rPois rF+}
 31464 | Snake:4  | Noticed Agnes
 31479 | Snake:4  | Killed Agnes
 32156 | Snake:4  | Noticed Asterion
 32160 | Snake:4  | Gained mutation: You sometimes lose your temper in combat.
                  | [a cacodemon]
 32162 | Snake:4  | Gained mutation: You occasionally lose the ability to read
                  | scrolls when taking damage. [a cacodemon]
 32181 | Snake:4  | Killed Asterion
 32214 | Snake:4  | Lost mutation: You sometimes lose your temper in combat.
                  | [potion of mutation]
 32214 | Snake:4  | Lost mutation: You occasionally lose the ability to read
                  | scrolls when taking damage. [potion of mutation]
 32214 | Snake:4  | Gained mutation: You are partially covered in iridescent
                  | scales. (AC +2) [potion of mutation]
 32214 | Snake:4  | Gained mutation: Your magical capacity is low. (-10% MP)
                  | [potion of mutation]
 32214 | Snake:4  | Gained mutation: You are strong-willed. (Will+) [potion of
                  | mutation]
 32214 | Snake:4  | Gained mutation: You have large cloven feet. [potion of
                  | mutation]
 32333 | Snake:4  | Reached skill level 18 in Fighting
 32409 | Snake:4  | Received a gift from Trog
 32411 | Snake:4  | Noticed a quicksilver dragon
 32415 | Snake:4  | Killed a quicksilver dragon
 32424 | Snake:4  | Noticed a quicksilver dragon
 32729 | Snake:4  | Killed a quicksilver dragon
 32730 | Snake:4  | Reached XP level 17. HP: 46/166 MP: 14/14
 32978 | Snake:4  | Got a serpentine rune of Zot
 33176 | Snake:4  | Noticed Vashnia
 33189 | Snake:4  | Killed Vashnia
 33190 | Snake:4  | Reached skill level 10 in Throwing
 34507 | Shoals:2 | Reached skill level 19 in Fighting
 35689 | Shoals:3 | Identified Roxanne's Meditations on the Quarry
 35689 | Shoals:3 | Noticed Roxanne
 35702 | Shoals:3 | Received a gift from Trog
 35926 | Shoals:3 | Noticed Mlioglotl
 35962 | Shoals:3 | Killed Mlioglotl
 36205 | Shoals:3 | Noticed a kraken
 36271 | Shoals:4 | Entered Level 4 of the Shoals
 36311 | Shoals:4 | Identified the ring of Internal Strife {rElec rC+ rN+
                  | rCorr}
 36416 | Shoals:4 | Reached XP level 18. HP: 177/177 MP: 15/15
 36443 | Shoals:4 | Identified the +1 dagger "Wipilal" {vamp, rC- Will+ Dex+6}
 36507 | Shoals:4 | Received a gift from Trog
 36621 | Shoals:4 | Acquired a manual of Dodging
 37120 | Shoals:4 | Got a barnacled rune of Zot
 37341 | Vaults:1 | Entered Level 1 of the Vaults
 37352 | Vaults:1 | Reached skill level 20 in Fighting
 37518 | Vaults:1 | Found Lossoar's Weapon Shoppe.
 37740 | Vaults:1 | Received a gift from Trog
 37984 | Vaults:1 | Acquired the +2 hat of Perpetual Drought {Contam rPois
                  | rCorr Dex+7}
 37985 | Vaults:1 | Acquired the +8 mithril axe "Arga" {speed, Will+}
 37985 | Vaults:1 | Found the +8 mithril axe "Arga" {speed, Will+}
 38226 | Vaults:1 | You are sucked into a shaft and drop 1 floor!
 38539 | Vaults:2 | Received a gift from Trog
 38569 | Vaults:2 | Reached XP level 19. HP: 164/187 MP: 16/16
 38594 | Vaults:2 | Reached skill level 15 in Armour
 38858 | Vaults:2 | Reached skill level 21 in Fighting
 39138 | Vaults:2 | Noticed Aizul
 39154 | Vaults:2 | Killed Aizul
 39341 | Vaults:2 | Found a staircase to the Crypt.
 39677 | Vaults:2 | Reached skill level 15 in Dodging
 39798 | Vaults:3 | Identified the +3 broad axe of the Briny Deep {vorpal, Fly
                  | rCorr SInv} (Trog gifted it to you on level 3 of the
                  | Vaults)
 39798 | Vaults:3 | Received a gift from Trog
 40279 | Vaults:3 | Found Nyradige's Jewellery Shoppe.
 40802 | Vaults:4 | Received a gift from Trog
 40825 | Vaults:4 | Found Otyt's General Store.
 40901 | Vaults:4 | Reached XP level 20. HP: 76/200 MP: 17/17
 41078 | Vaults:4 | Bought a +1 pair of gloves of hurling for 264 gold pieces
 41138 | Vaults:4 | Reached skill level 15 in Shields
 41261 | Vaults:4 | Received a gift from Trog
 41310 | Vaults:4 | Found Dylikluv's Weapon Emporium.
 41319 | Vaults:4 | Found Heell's General Store.
 41331 | Vaults:4 | Bought 2 potions of cancellation for 352 gold pieces
 41331 | Vaults:4 | Bought a scroll of teleportation for 66 gold pieces
 41357 | Vaults:4 | Reached skill level 22 in Fighting
 41655 | Vaults:4 | Found Kouneis's Jewellery Shop.
 42355 | Depths:1 | Entered Level 1 of the Depths
 42535 | Depths:1 | Found a basalt altar of Yredelemnul.
 42640 | Depths:1 | Found a gateway to Hell.
 42900 | Depths:1 | Identified the +6 trident of Anguish {freeze, rF+ SInv}
 43279 | Depths:1 | Received a gift from Trog
 43704 | Depths:2 | Found a runed translucent door.
 43712 | Depths:2 | Found a runed translucent door.
 43718 | Depths:2 | Found a runed translucent door.
 43759 | Depths:2 | Noticed Vv
 44020 | Depths:2 | Killed Vv
 44285 | Depths:2 | Found a one-way gate leading to the halls of Pandemonium.
 44784 | Depths:2 | Found an ornate altar of the Wu Jian Council.
 44856 | Depths:2 | Found a one-way gate to the infinite horrors of the Abyss.
 44856 | Depths:2 | Noticed Louise
 44901 | Depths:2 | Killed Louise
 44975 | Depths:2 | Reached XP level 21. HP: 210/210 MP: 17/17
 44982 | Depths:2 | Reached skill level 23 in Fighting
 44987 | Depths:2 | Identified the +9 triple sword of Opnueg {holy, rPois rF+}
 44989 | Depths:2 | Identified the +1 pair of gloves of Oblivion {rElec rC-
                  | rCorr Int-3}
 45348 | Depths:3 | Received a gift from Trog
 45659 | Depths:3 | Found a sparkling altar of Nemelex Xobeh.
 45671 | Depths:3 | Found Gexeup's Assorted Antiques.
 45676 | Depths:3 | Found Yse Hatseg's Assorted Antiques.
 45684 | Depths:3 | Bought a scroll of enchant weapon for 262 gold pieces
 45684 | Depths:3 | Bought a condenser vane for 1400 gold pieces
 46387 | Depths:4 | Entered Level 4 of the Depths
 46447 | Depths:4 | Found a one-way gateway to a ziggurat.
 46447 | Depths:4 | Noticed an ancient lich
 46677 | Depths:4 | Noticed a juggernaut
 46686 | Depths:4 | Killed a juggernaut
 46866 | Depths:4 | Found a gate to the Realm of Zot.
 47079 | Depths:4 | Received a gift from Trog
 47309 | Depths:4 | Killed an ancient lich
 47375 | Depths:4 | Reached skill level 24 in Fighting
 48055 | D:13     | You paid a toll of a +5 demon blade to enter a treasure
                  | trove
 48056 | Trove    | Entered a treasure trove
 48065 | Trove    | Identified the amulet of Wuotz {Acrobat Regen+}
 48068 | Trove    | Identified the amulet of Atig Kud {Acrobat -Tele rElec
                  | Str+2}
 48071 | Trove    | Identified the ring "Lequm" {rC+ Str+5 Int+6}
 48076 | Trove    | Identified the ring "Syegug" {Will+ rCorr}
 48082 | Trove    | Identified the +10 glaive of Zuoliong {vorpal, Int+4}
 48087 | Trove    | Identified the +2 pair of gloves of Ryveiwosk {Harm}
 48318 | Elf:1    | Entered Level 1 of the Elven Halls
 48346 | Elf:1    | Paralysed by an air elemental for 1 turns
 48498 | Elf:1    | Reached XP level 22. HP: 209/222 MP: 18/18
 48864 | Elf:1    | Received a gift from Trog
 49045 | Elf:2    | Found a runed translucent gate.
 49045 | Elf:2    | Found a runed translucent gate.
 49046 | Elf:2    | Found a runed translucent gate.
 49832 | Elf:3    | Entered Level 3 of the Elven Halls
 49901 | Elf:3    | Paralysed by an air elemental for 1 turns
 49967 | Elf:3    | Received a gift from Trog
 50143 | Elf:3    | Found Navud's Antique Weapon Boutique.
 50229 | Elf:3    | Identified the ring of Waoph {rPois Str+4 Int-4 Dex+4 SInv}
 50457 | Elf:3    | Received a gift from Trog
 50797 | Elf:3    | Identified the +0 ring mail of Uzoeruo {-Tele rC+ Stlth+}
 50833 | Elf:3    | Noticed Zenata
 50845 | Elf:3    | Killed Zenata
 50900 | Elf:3    | Identified the +4 trident of Precise Incision {antimagic,
                  | Dex+5}
 51054 | Elf:3    | Identified the +5 dagger "Orul Liy" {venom, rElec rF+ rC+
                  | Stlth+}
 51475 | Vaults:5 | Entered Level 5 of the Vaults
 51540 | Vaults:5 | Noticed a golden dragon
 51560 | Vaults:5 | Killed a golden dragon
 51615 | Vaults:5 | Noticed Frederick
 51638 | Vaults:5 | Identified the +6 chain mail of Xutaneaph {rElec}
 51643 | Vaults:5 | Killed Frederick
 51800 | Vaults:5 | Identified the +1 leather armour of Lightning Storm {Dex+4
                  | Slay+2}
 51878 | Vaults:5 | Reached skill level 25 in Fighting
 51939 | Vaults:5 | Noticed Sojobo
 51985 | Vaults:5 | Killed Sojobo
 51996 | Vaults:5 | Reached XP level 23. HP: 161/234 MP: 19/19
 52007 | Vaults:5 | Identified the +6 mace "Vulen" {holy, rPois Int+4}
 52094 | Vaults:5 | Noticed Bai Suzhen
 52123 | Vaults:5 | Killed Bai Suzhen
 52219 | Vaults:5 | Identified the ring of Zygelafa {Fly Int+2}
 52243 | Vaults:5 | Identified the amulet of the Commoners {Reflect +Blink
                  | Dex-4 SH+5 SInv}
 52304 | Vaults:5 | Identified the ring of Equivalence {rPois Dex+2 SInv}
 52381 | Vaults:5 | Reached skill level 10 in Evocations
 52438 | Vaults:5 | Identified the +4 scimitar "Dampo" {elec, rN+ Str+5}
 52484 | Vaults:5 | Got a silver rune of Zot
 52838 | Vaults:5 | Received a gift from Trog
 52838 | Vaults:5 | Found the +14 obsidian axe {vorpal, Mesm Drain Fly SInv}
 53640 | Zot:1    | Entered Level 1 of the Realm of Zot
 53955 | Zot:1    | Reached skill level 15 in Throwing
 54965 | Zot:2    | Received a gift from Trog
 55194 | Zot:2    | Reached XP level 24. HP: 157/245 MP: 19/19
 55327 | Zot:2    | Reached skill level 26 in Fighting
 55785 | Zot:3    | You fall into a shaft and drop 1 floor!
 56191 | Zot:3    | Noticed a Killer Klown
 56203 | Zot:3    | Killed a Killer Klown
 56545 | Zot:3    | Noticed a dread lich
 56557 | Zot:3    | Noticed a dread lich
 56568 | Zot:3    | Killed a dread lich
 56568 | Zot:3    | Noticed a dread lich
 56569 | Zot:3    | Killed a dread lich
 56581 | Zot:3    | Killed a dread lich
 56618 | Zot:3    | Identified the +8 sling of the Middle {venom, rF+ Dex+2}
 56620 | Zot:3    | Identified the +0 plate armour of Hide-and-Seek {Stlth+}
 57218 | Zot:4    | Noticed an orb of fire
 57230 | Zot:4    | Killed an orb of fire
 57334 | Zot:4    | Received a gift from Trog
 58046 | Zot:5    | Entered Level 5 of the Realm of Zot
 58534 | Zot:5    | Noticed a dread lich
 58540 | Zot:5    | Noticed an orb of fire
 58541 | Zot:5    | Noticed an ancient lich
 58544 | Zot:5    | Noticed an orb of fire
 58552 | Zot:5    | Killed a dread lich
 58553 | Zot:5    | Reached XP level 25. HP: 216/255 MP: 0/19
 58554 | Zot:5    | Noticed an ancient lich
 58567 | Zot:5    | Killed an orb of fire
 58569 | Zot:5    | Noticed an orb of fire
 58574 | Zot:5    | Killed an ancient lich
 58586 | Zot:5    | Killed an ancient lich
 58586 | Zot:5    | Received a gift from Trog
 58587 | Zot:5    | Noticed an orb of fire
 58590 | Zot:5    | Gained mutation: Armour fits poorly on your strangely
                  | shaped body. [an orb of fire]
 58590 | Zot:5    | Gained mutation: Your spells are a little easier to cast,
                  | but a little less powerful. [an orb of fire]
 58590 | Zot:5    | Noticed an ancient lich
 58591 | Zot:5    | Gained mutation: You occasionally lose the ability to read
                  | scrolls when taking damage. [an orb of fire]
 58592 | Zot:5    | Gained mutation: Potions are less effective at restoring
                  | your health. [an orb of fire]
 58597 | Zot:5    | Gained mutation: A frigid envelope surrounds you and
                  | freezes all who hurt you. [an orb of fire]
 58608 | Zot:5    | Killed an orb of fire
 58611 | Zot:5    | Noticed an orb of fire
 58614 | Zot:5    | Killed an ancient lich
 58615 | Zot:5    | Reached skill level 27 in Fighting
 58618 | Zot:5    | Noticed an orb of fire
 58620 | Zot:5    | Gained mutation: You are frail. (-10% HP) [an orb of fire]
 58625 | Zot:5    | Killed an orb of fire
 58628 | Zot:5    | Killed from afar by an orb of fire

Illustrated notes

Levels and vault maps discovered:
D:1:      minmay_arrival_radiant_lines, layout_loops_corners,
          hellmonk_ecumenical_altar_lost_god, minmay_lizard_king
D:2:      layout_loops_ring, basic_altar
D:3:      layout_rooms, kennysheep_vampire_church, serial_park_tiny_2,
          uniq_terence, uniq_grinder, uniq_sigmund
D:4:      layout_loops_ring, mainiacjoe_overflow_paths, lightli_temple_of_fire,
          serial_bayou_lagoon_a, cheibrodos_gnoll_hut
D:5:      layout_cave_pools, mainiacjoe_overflow_concentric_impassable,
          palyth_stone_intersect, uniq_prince_ribbit1
D:6:      layout_basic, general_overflow_altar, kennysheep_mini,
          minmay_temple_entry_arrows, uniq_menkaure
D:7:      layout_loops_corners, nicolae_ru_sacrificial_ziggurat,
          mainiacjoe_overflow_tiny_flanked, serial_shops, shop
D:8:      layout_loops_cross, fedhas_altar_1, enter_bailey_7, dk_vineyard_2,
          uniq_erica
D:9:      layout_basic, nicolae_uskayaw_en_pointe,
          nicolae_sif_muna_condensation, nicolae_ashenzari_panopticon,
          orc_0_dummy, nrook_mini_vaults
D:10:     layout_gridville, mainiacjoe_overflow_chevrons,
          introduction_to_nature_2, uniq_maggie
D:11:     layout_cave_pools, lair_entry_dummy, gammafunk_ghost_smash, uniq_snorg
D:12:     layout_roguey
D:13:     layout_loops_cross, grunt_vaults_entry_tiered, enter_trove_1,
          kennysheep_flooded_box, uniq_rupert, uniq_sonja
D:14:     layout_basic, special_room [special_room_mythical_zoo],
          minmay_librarian
D:15:     grunt_enter_depths_magical_seal, layout_long_grid,
          nicolae_dithmenos_through_a_glass_darkly, uniq_josephine, uniq_kirke
Lair:1:   layout_cave_pods, portal_ice_cave_entry_imps
Lair:2:   layout_cave_pods, minmay_shattered_shrine
Lair:3:   layout_big_grid, minmay_shoals_entry_hut, guppyfry_snake_entry_garden,
          worms_lemuel
Lair:4:   layout_hall_layers, nicolae_lair_grove_arrangements
Lair:5:   cheibrodos_lair_end_hotspot, layout_small_grid, slime_entry_1
Shoals:1: layout_shoals
Shoals:2: layout_shoals, nicolae_shoals_drake_roost
Shoals:3: layout_shoals, nicolae_shoals_siren_and_animal_friends,
          uniq_mlioglotl, uniq_roxanne
Shoals:4: shoals_end_simple, layout_shoals
Snake:1:  layout_layer_cave, serial_bayou_shore_a, minmay_shop_grove
Snake:2:  layout_basic
Snake:3:  layout_gridlike
Snake:4:  hellmonk_snake_rune_quicksilver_temple, layout_basic,
          nicolae_snake_gridmaze_entwining, statue_in_the_mist_lemuel,
          nicolae_snake_springs, uniq_asterion, uniq_vashnia, uniq_agnes
Orc:1:    layout_diamond_mine, nicolae_orc_pool_cavern
Orc:2:    st_orc_mages, layout_caves
Elf:1:    layout_rooms, hangedman_elven_crosses_minicolossus
Elf:2:    elven_hall_of_blades_hangedman_original [nooodl_blade_entry_preview],
          layout_onion_city
Elf:3:    minmay_elf_hall, layout_gridlike, serial_shops, nicolae_square_shop,
          uniq_zenata
Vaults:1: hangedman_vaults_hat, st_cells, nicolae_vaults_network_star,
          v_misc_30, vaults_standard_mumra_x, nicolae_vaults_little_squares_2,
          vaults_mumra_hex, hangedman_vaults_capsules, vaults_dpeg_doors,
          layout_vaults_maze_snakey, serial_shops, nicolae_diamond_shop
Vaults:2: hangedman_vaults_river_flow, nicolae_vaults_network_quincunx
          [nicolae_vaults_network_quincunx_subvault,
          nicolae_vaults_network_quincunx_subvault,
          nicolae_vaults_network_quincunx_subvault,
          nicolae_vaults_network_quincunx_subvault,
          nicolae_vaults_network_quincunx_subvault], v_misc_3, v_misc_23,
          vaults_dpeg_cross, vaults_mumra_hexcomb,
          nicolae_vaults_little_squares_4, minmay_crypt_entry_simple_plaza,
          vaults_room_octagon, nicolae_vaults_little_squares_1,
          ontoclasm_vaults_shuriken, layout_vaults_omnibox, uniq_aizul
Vaults:3: ontoclasm_vaults_misaligned, v_misc_10, vaults_room_fancy_cross,
          vaults_dpeg_spiral, vaults_room_grid, vaults_room_hallway,
          layout_vaults_omnigrid, serial_shops, shop
Vaults:4: vaults_room_door_hall, grunt_vaults_hallway_short,
          nicolae_vaults_network_square, v_rooms_5, grunt_vaults_diagonal,
          nicolae_vaults_alarming, ontoclasm_vaults_loading_screen,
          ontoclasm_vaults_chip, hangedman_vaults_snaps,
          ontoclasm_vaults_decontamination, vaults_dpeg_hooks,
          vaults_room_pools, ontoclasm_vaults_shout, layout_vaults_big_room,
          serial_shops, nicolae_shop_hallway_plus, shop, shop_statue, shop_coins
Vaults:5: uniq_bai_suzhen, uniq_sojobo, uniq_frederick
Depths:1: layout_cave_shapes, chequers_serial_rivers_small_b, hellmouth_3,
          nicolae_yredelemnul_corpse_copse
Depths:2: minmay_the_grid_triangle_9x9_rhombus_full_mashed
          [minmay_the_grid_triangle_9x9_flanged_cone,
          minmay_the_grid_triangle_9x9_fully_insulated_deathbox,
          minmay_the_grid_triangle_9x9_odd_lines,
          minmay_the_grid_triangle_9x9_negative_grid,
          minmay_the_grid_triangle_9x9_swiss_cheese,
          minmay_the_grid_triangle_9x9_dagger,
          minmay_the_grid_triangle_9x9_empty,
          minmay_the_grid_triangle_9x9_prize_center], layout_honeycomb,
          grunt_hell_entry_dis_mu, grunt_pan_entry_sceptre,
          nicolae_abyss_entry_one_way_or_another, fountainhead,
          pdpol_wu_jian_five_deadly_venoms, uniq_vv
Depths:3: kennysheep_big_flooded_room, layout_basic,
          nemelex_xobeh_ov_fountains_minmay, hellmouth_1, abyss_entry,
          infiniplex_staircase_spiral, minmay_shop_star, firewood_loft,
          serial_bayou_shore_b, serial_bayou_shore_b
Depths:4: evilmike_zot_entry_basic, layout_gridville, enter_ziggurat_d,
          hangedman_coc_ice_floe, chequers_serial_rivers_micro_e, serial_bayou,
          serial_bayou_crossing, serial_bayou_lagoon_b, serial_bayou_pond_b,
          serial_bayou_lake_a, serial_bayou_ford_a, serial_bayou_pond_b,
          rand_demon_pan_entry_1
Zot:1:    layout_cellular_growth, uniq_josephina
Zot:2:    kennysheep_ambush_hall, layout_onion_interference,
          hangedman_elemental_corridor
Zot:3:    hellmonk_paralyzer, layout_gridville
Zot:4:    layout_onion
Zot:5:    layout_basic

Skill      XL: |  1  2  3  4  5  6  7  8  9 10 11 12 13 14 15 16 17 18 19 20 21 22 23 24 25 |
---------------+----------------------------------------------------------------------------+-----
Axes           | 4 5 7 8 9 10 12 13 14 15 16 17 18 20 21 22 23 24 | 24.0
Fighting       | 4 5 6 7 8 9 10 11 13 14 15 17 18 19 20 21 22 24 25 26 27 | 27.0
Evocations     | 1 3 4 5 6 7 8 9 10 11 | 11.6
Armour         | 3 5 6 7 9 10 11 12 13 14 15 16 17 18 20 21 | 21.6
Dodging        | 3 4 6 7 8 9 10 11 12 14 15 17 18 19 20 21 | 21.6
Shields        | 2 4 6 7 8 10 11 12 13 14 15 16 17 18 19 | 19.3
Throwing       | 1 3 5 6 7 8 9 10 11 12 13 14 15 16 | 16.0

Action                   |  1- 3 |  4- 6 |  7- 9 | 10-12 | 13-15 | 16-18 | 19-21 | 22-24 | 25-27 || total
-------------------------+-------+-------+-------+-------+-------+-------+-------+-------+-------++-------
Melee: Hand axe          |    15 |       |       |       |       |       |       |       |       ||    15
       Headbutt          |    10 |     5 |    31 |   100 |   204 |   313 |   566 |   538 |     9 ||  1776
       Eveningstar       |    42 |       |       |     2 |       |       |       |       |       ||    44
       Broad axe         |    43 |    54 |   232 |   479 |   991 |  1239 |  1634 |  1629 |    53 ||  6354
       Punch             |       |     2 |       |       |       |       |       |       |       ||     2
Throw: Stone             |       |     1 |    18 |     7 |       |       |       |       |       ||    26
       Boomerang         |       |       |       |    34 |    30 |       |       |       |       ||    64
       Javelin           |       |       |       |       |     6 |     9 |    29 |     3 |     2 ||    49
Invok: Berserk           |       |     1 |     1 |     6 |     9 |     7 |     7 |     2 |       ||    33
       Trog's Hand       |       |     1 |     1 |     1 |     8 |     5 |    10 |    16 |     1 ||    43
       Brothers in Arms  |       |       |       |     1 |     1 |     5 |     5 |     7 |       ||    19
Evoke: Wand              |       |       |     4 |    42 |    22 |     7 |     3 |     2 |       ||    80
       Phantom mirror    |       |       |       |     1 |     1 |     1 |       |     1 |       ||     4
       Box of beasts     |       |       |       |       |     1 |     1 |       |     3 |     1 ||     6
       Condenser vane    |       |       |       |       |       |       |     1 |     2 |       ||     3
  Use: Scroll            |       |       |    14 |    11 |     7 |    12 |     5 |    23 |     1 ||    73
       Potion            |       |       |     1 |     1 |     2 |     5 |     4 |    11 |     3 ||    27
 Stab: Invisible         |       |       |       |       |     4 |       |       |       |       ||     4
       Sleeping          |       |       |       |       |       |     1 |       |       |       ||     1
       Distracted        |       |       |       |       |       |     1 |     2 |     1 |       ||     4
Armor: Leather armour    |    41 |    16 |    28 |       |       |       |       |       |       ||    85
       Scale mail        |       |       |    57 |       |       |       |       |       |       ||    57
       Crystal plate arm |       |       |       |   348 |   558 |   702 |   608 |   251 |       ||  2467
       Chain mail        |       |       |       |     1 |       |       |       |       |       ||     1
       Swamp dragon scal |       |       |       |       |    24 |    17 |       |       |       ||    41
       Gold dragon scale |       |       |       |       |       |       |       |   429 |     5 ||   434
Dodge: Dodged            |    51 |    38 |   107 |    95 |   227 |   333 |   450 |   657 |    14 ||  1972
       Repelled          |       |       |       |       |     1 |       |       |       |       ||     1
Block: Kite shield       |       |       |    24 |   186 |   482 |   648 |   783 |   871 |     3 ||  2997
       Tower shield      |       |       |       |       |     8 |   188 |       |       |       ||   196
       Reflection        |       |       |       |       |       |    45 |    30 |    50 |       ||   125
